Map: Invader LE

Players

chabatok

  • Race: Terran Terran
  • League: Gold

capac - Winner!

  • Race: Terran Terran
  • League: Gold

VOD

Have the link to the VOD?

Description

Time

  • Played on: May 8, 2016, 10:14 a.m.
  • Length: 14:07
Show
View Real Time Build Order
Export as new Build Order

chabatok Terran 

Build Orders: Liberator Opening, MMM Bio 

Get SALT Encoding   

  12  0:01  SCV  
  13  0:13  SCV  
  14  0:20  Supply Depot  
  14  0:26  SCV  
  15  0:41  SCV  
  16  0:45  Barracks  
  16  0:53  SCV  
  17  0:57  Refinery  
  17  1:05  SCV  
  18  1:17  SCV  
  19  1:26  Engineering Bay  
  19  1:33  SCV  
  19  1:35  Marine  
  21  1:42  Supply Depot  
  21  1:46  Orbital Command  
  21  2:05  Marine  
  22  2:09  Refinery  
  22  2:17  Factory  
  22  2:23  Marine  
  23  2:41  Marine  
  24  2:45  Supply Depot  
  23  2:59  Marine  
  23  3:03  SCV  
  23  3:05  Hellion  
  27  3:13  Starport  
  27  3:15  SCV  
  28  3:21  Command Center  
  28  3:25  Barracks Tech Lab  
  28  3:26  Hellion  
  30  3:27  SCV  
  31  3:40  SCV  
  32  3:44  Liberator  
  32  3:45  Engineering Bay  
  32  3:51  Supply Depot  
  32  3:52  SCV  
  36  4:04  Factory Tech Lab, SCV  
  36  4:06  Marauder  
  39  4:12  Barracks  
  39  4:15  Stimpack  
  39  4:17  SCV  
  40  4:29  SCV  
  41  4:33  Marine  
  41  4:47  Planetary Fortress  
  41  4:50  Marine  
  42  5:09  Marauder  
  44  5:23  Marine  
  44  5:26  Siege Tank  
  48  5:30  Marine  
  49  5:41  Marine  
  50  5:46  SCV  
  50  5:47  Marine  
  49  5:58  SCV  
  49  5:59  Starport Reactor, Marine  
  49  6:04  Command Center  
  51  6:05  Marine  
  51  6:06  Hellion  
  51  6:10  SCV  
  55  6:16  Barracks, Marine  
  55  6:17  Barracks  
  56  6:22  SCV  
  56  6:23  Marine, Missile Turret  
  56  6:24  Missile Turret x2  
  58  6:28  Hellion  
  60  6:34  SCV  
  60  6:35  Refinery  
  60  6:37  Refinery  
  60  6:39  Combat Shields  
  62  6:42  Barracks Reactor  
  62  6:46  SCV  
  62  6:57  Medivac x2  
  62  6:58  Hellion, SCV  
  69  7:02  Supply Depot  
  69  7:10  SCV  
  69  7:12  Refinery  
  69  7:13  Refinery  
  70  7:15  Barracks Reactor  
  70  7:17  Barracks Tech Lab  
  71  7:22  SCV  
  71  7:37  Missile Turret  
  71  7:42  Orbital Command  
  71  7:45  SCV  
  72  7:53  Marauder x2  
  76  8:00  Missile Turret  
  72  8:18  Marauder x2, Marine x4  
  80  8:26  Missile Turret  
  80  8:34  Medivac  
  80  8:35  Medivac  
  80  8:36  Marine  
  80  8:38  Armory  
  85  8:46  SCV  
  85  8:48  Missile Turret  
  86  8:59  SCV  
  86  9:00  Supply Depot  
  86  9:01  Supply Depot  
  87  9:04  Medivac  
  87  9:05  Command Center, Medivac  
  91  9:11  SCV  
  91  9:13  Missile Turret  
  91  9:16  SCV  
  93  9:23  SCV  
  94  9:28  SCV  
  95  9:32  Supply Depot  
  95  9:35  SCV  
  96  9:40  SCV  
  96  9:42  Supply Depot  
  97  9:47  Marauder x2, Marine, SCV  
  97  9:48  Marine x3  
  97  9:52  Concussive Shells, SCV  
  107  9:55  Terran Infantry Weapons Level 1  
  107  9:57  Engineering Bay  
  107  9:59  SCV  
  108  10:04  SCV  
  108  10:05  Marine x2  
  111  10:08  Marine  
  111  10:09  Marauder x2, Marine  
  111  10:11  SCV  
  116  10:16  SCV  
  117  10:27  Missile Turret  
  117  10:29  SCV  
  117  10:32  Marauder x2, Marine x2  
  117  10:33  Marine x2  
  116  10:50  Marine x3, Missile Turret  
  116  10:54  Marauder x2  
  101  10:58  Viking x2  
  101  11:02  Marine  
  104  11:07  SCV  
  104  11:08  Marine x3  
  108  11:12  Missile Turret  
  108  11:15  Marauder x2  
  112  11:19  SCV  
  112  11:20  Marine  
  114  11:26  Marine x3  
  114  11:28  Viking x2  
  114  11:31  SCV  
  122  11:32  Supply Depot  
  122  11:36  Marauder  
  122  11:37  Marauder, Marine  
  127  11:43  SCV  
  127  11:44  Marine x3  
  129  11:55  Marine  
  129  11:56  SCV  
  129  11:57  Supply Depot, Terran Infantry Armor Level 1, Marine x2  
  129  11:58  Viking  
  129  12:00  Viking  
  137  12:01  Marine  
  137  12:02  Marine x2  
  137  12:08  SCV  
  141  12:13  Marine  
  141  12:14  Missile Turret  
  141  12:15  Marine, Missile Turret  
  142  12:16  Marauder  
  142  12:18  Missile Turret  
  142  12:20  SCV  
  128  12:28  Viking  
  93  12:30  Viking  
  93  12:32  SCV  
  96  12:39  Missile Turret  
  96  12:41  Marine x5, Missile Turret  
  96  12:42  Marine  
  98  12:59  Marine x6  
  104  13:17  Marine x6  
  109  13:34  Marine x2  
  109  13:35  Marine x4  
Show
View Real Time Build Order
Export as new Build Order

capac Terran - Winner!

Build Orders: Reaper Expand, MMM Bio 

Get SALT Encoding   

  12  0:01  SCV  
  13  0:13  SCV  
  14  0:18  Supply Depot  
  14  0:25  SCV  
  15  0:40  SCV  
  15  0:42  Barracks  
  16  0:52  SCV  
  16  0:53  Refinery  
  17  1:04  SCV  
  18  1:16  SCV  
  20  1:33  Orbital Command  
  19  1:48  Command Center  
  19  1:49  Reaper  
  20  1:58  Supply Depot  
  20  2:02  SCV  
  21  2:15  Factory  
  21  2:16  SCV  
  21  2:35  Refinery  
  21  2:39  Barracks, SCV  
  22  2:44  Engineering Bay  
  22  2:52  SCV  
  23  3:00  Barracks Reactor  
  23  3:06  SCV  
  24  3:18  SCV  
  25  3:25  Bunker  
  25  3:27  Factory Tech Lab  
  25  3:28  Starport  
  25  3:30  SCV  
  25  3:32  Barracks Tech Lab  
  26  3:37  Missile Turret  
  26  3:39  Marine x2  
  28  3:43  SCV  
  29  3:51  Siege Tank  
  32  3:56  SCV  
  33  4:04  Orbital Command  
  33  4:11  Supply Depot, SCV  
  33  4:14  Marine x2  
  33  4:16  Marine  
  37  4:24  Medivac  
  37  4:29  Siege Tank  
  42  4:31  SCV  
  42  4:32  SCV  
  44  4:43  SCV  
  44  4:45  Marine x3, SCV  
  48  4:47  Stimpack  
  48  4:51  Refinery  
  49  4:59  Supply Depot  
  49  5:02  Starport Reactor  
  49  5:15  SCV x2  
  48  5:36  Missile Turret  
  48  5:38  Missile Turret  
  48  5:45  Missile Turret  
  48  5:48  SCV  
  48  5:49  SCV  
  50  5:50  Marine  
  50  5:51  Marine  
  50  5:52  Viking x2  
  57  6:05  SCV x2  
  57  6:07  Refinery  
  57  6:08  Marine  
  59  6:17  Marine x2  
  61  6:25  Missile Turret  
  61  6:27  Marine  
  61  6:30  Terran Infantry Weapons Level 1  
  62  6:44  Missile Turret  
  62  6:48  Siege Tank, Medivac x2  
  62  6:52  Combat Shields  
  62  6:53  Supply Depot  
  69  6:58  Marine  
  70  7:04  Marine x2  
  72  7:10  SCV x2  
  74  7:16  Supply Depot, Marine  
  74  7:22  Marine x2, SCV x2  
  78  7:28  Medivac  
  78  7:29  Medivac  
  83  7:43  SCV  
  83  7:44  SCV  
  85  7:48  Starport, Marine x2  
  85  7:49  Marine  
  88  7:55  SCV  
  88  7:56  SCV  
  90  8:20  Marine x3  
  90  8:25  Liberator  
  93  8:27  Starport, Starport Reactor  
  93  8:29  Terran Infantry Armor Level 1  
  93  8:38  Supply Depot  
  93  8:42  Marine x3, Siege Tank  
  93  8:43  Liberator  
  102  8:56  Liberator  
  102  8:59  Armory  
  102  9:02  Supply Depot  
  105  9:06  Starport Reactor, Liberator  
  105  9:14  Liberator  
  111  9:26  Barracks  
  111  9:29  Supply Depot  
  111  9:36  Marine x2  
  111  9:37  Supply Depot, Marine  
  117  9:55  Barracks  
  117  10:00  Liberator x2  
  117  10:01  Liberator x2  
  117  10:13  Marine x2  
  117  10:14  Barracks Reactor  
  131  10:21  Terran Ship Weapons Level 1  
  131  10:24  Supply Depot  
  131  10:37  Marine x2  
  131  10:38  Marine  
  132  11:13  Siege Tank  
  132  11:16  Marine  
  132  11:17  Marine x2  
  132  11:18  Marine x2, Barracks Reactor  
  140  11:49  Marine  
  140  11:50  Marine  
  142  11:58  Command Center  
  142  12:21  Marine x3  
  142  12:22  Marine x2  
  141  12:29  Medivac x3  
  142  13:09  Marine x7  
  142  13:10  Siege Tank, Medivac  
  154  13:25  Missile Turret  
  154  13:26  Missile Turret x2  
  154  13:27  Marine x2  
Tags
 
Add a new tag
Caveats
  • Supply blocks, unpowered buildings, or Contaminate may cause inaccurate times.
  • Supply counts are checked every 10 seconds.